 Dungeon Crawl Stone Soup version 0.17.1-3-g152610e (webtiles) character file.

226 ILYA101 the Covered (level 5, -2/42 HPs)
             Began as a Demonspawn Fighter on Apr 17, 2016.
             Slain by SaintRoka's ghost (3 damage)
             ... on level 4 of the Dungeon on Apr 18, 2016.
             The game lasted 00:26:39 (3520 turns).

ILYA101 the Covered (Demonspawn Fighter)            Turns: 3520, Time: 00:26:40

Health: -2/42      AC:  8    Str: 17    XL:     5   Next: 69%
Magic:  0/5        EV:  7    Int:  9    God:
Gold:   144        SH:  9    Dex: 13    Spells: 0 memorised, 4 levels left

rFire  . . .     SeeInvis .     a - +1 war axe
rCold  . . .     Clarity  .     b - +0 scale mail
rNeg   . . .     SustAt   .     c - +0 shield
rPois  .         Gourm    .     (no helmet)
rElec  .         Spirit   +     (no cloak)
rCorr  .         Warding  .     (no gloves)
rMut   .         Stasis   .     v - +0 pair of boots
MR     .....                    (no amulet)
Stlth  ..........               (no ring)
                                (no ring)

@: lethally poisoned (-2 -> -4), not resistant to hostile enchantments,
extremely unstealthy
A: magic shield, magic regeneration
a: no special abilities


You were on level 4 of the Dungeon.
You were not hungry.

You visited 1 branch of the dungeon, and saw 4 of its levels.

You collected 144 gold pieces.

Inventory:

Hand Weapons
 a - a +1 war axe (weapon)
Armour
 b - a +0 scale mail (worn)
 c - a +0 shield (worn)
 r - a +0 chain mail
 v - a +0 pair of boots (worn)
Jewellery
 i - a +5 ring of intelligence {unknown}
 j - an uncursed amulet of the gourmand {unknown}
 l - an uncursed amulet of the gourmand {unknown}
 s - a +3 ring of intelligence {unknown}
Wands
 u - a wand of paralysis (24)
Scrolls
 f - 2 scrolls of enchant weapon
 h - a scroll of recharging
 k - a scroll of fog {unknown}
 p - a scroll of identify {unknown}
Potions
 d - 2 potions of might
 m - a potion of flight {unknown}
 o - a potion of curing {unknown}
 q - a potion of magic {unknown}
 t - 3 potions of haste {unknown}
Comestibles
 e - 4 bread rations
 g - 2 beef jerkies
 n - 2 chunks of flesh


   Skills:
 + Level 3.7 Fighting
 + Level 2.8 Axes
 + Level 3.9 Armour
 + Level 1.5 Dodging
 + Level 3.6 Shields


You had 4 spell levels left.
You didn't know any spells.

Dungeon Overview and Level Annotations

Branches:
Dungeon (4/15)
 Temple: D:4-7

Altars:
Makhleb
Ru
Sif Muna

Annotations:
D:4 SaintRoka's ghost, amateur CeWr


Innate Abilities, Weirdness & Mutations

When hurt, damage is shared between your health and your magic reserves.
You regenerate magic rapidly.


Message History

Your shield prevents you from hitting SaintRoka's ghost.
SaintRoka's ghost is moderately damaged.
You feel sick. SaintRoka's ghost hits you!
* * * LOW HITPOINT WARNING * * *
SaintRoka's ghost whispers, "The ORB doesn't exist."
SaintRoka's ghost hits you.
* * * LOW HITPOINT WARNING * * *
Unknown command.
You barely miss SaintRoka's ghost.
SaintRoka's ghost is moderately damaged.
SaintRoka's ghost shouts, "You will join me soon!"
SaintRoka's ghost hits you.
* * * LOW HITPOINT WARNING * * *
You hit SaintRoka's ghost but do no damage.
SaintRoka's ghost is moderately damaged.
* * * LOW HITPOINT WARNING * * *
You feel sick. You block SaintRoka's ghost's attack.
SaintRoka's ghost wails, "They lied to you.
The Dungeon just goes down and down forever."
SaintRoka's ghost hits you.
You die...

## .# #.. #.# #.# ... '
#.# #.# .. #.# ###.# ...
#.# ##.#.# ....
..##########....###.....
.................Wa.....
..######.##.....@##...
#.# #.##.#.#..# #.#
#.##......# #.#
#.##..###.# #.# #.##..#
#.# #.# #...... ... #.#
####... .... #.# .###
#.# ..


You could see a worker ant and SaintRoka's ghost.

Vanquished Creatures
  An orc wizard (D:3)
  Jessica (D:2)
  A worker ant (D:4)
  4 gnolls (D:2)
  2 adders
  3 oozes
  A worm (D:2)
  4 giant geckos
  8 orcs
  3 giant cockroaches
  6 goblins
  8 hobgoblins
  4 jackals (D:1)
  4 kobolds
  2 quokkas
  4 bats
  3 giant newts (D:2)
  A quokka skeleton (D:4)
  9 rats
69 creatures vanquished.

Notes
Turn   | Place    | Note
--------------------------------------------------------------
     0 | D:1      | ILYA101 the Demonspawn Fighter began the quest for the Orb.
     0 | D:1      | Reached XP level 1. HP: 18/18 MP: 1/1
   626 | D:1      | Gained mutation: When hurt, damage is shared between your health and your magic reserves. [demonic ancestry]
   626 | D:1      | Reached XP level 2. HP: 24/24 MP: 2/2
  1484 | D:1      | Reached XP level 3. HP: 29/29 MP: 3/3
  1597 | D:2      | Noticed Jessica
  1605 | D:2      | Killed Jessica
  1748 | D:2      | Gained mutation: You regenerate magic rapidly. [demonic ancestry]
  1748 | D:2      | Reached XP level 4. HP: 30/35 MP: 4/4
  2232 | D:2      | Found a sacrificial altar of Ru.
  2622 | D:3      | Reached skill level 1 in Dodging
  2622 | D:3      | Reached XP level 5. HP: 21/41 MP: 3/5
  2956 | D:3      | Found a deep blue altar of Sif Muna.
  2957 | D:3      | Found a burning altar of Makhleb.
  3501 | D:4      | Noticed SaintRoka's ghost (amateur CeWr)
  3519 | D:4      | HP: 2/42 [SaintRoka's ghost (2)]
  3520 | D:4      | Slain by SaintRoka's ghost

Action                   |  1- 3 |  4- 6 || total
-------------------------+-------+-------++-------
Melee: War axe           |   102 |   194 ||   296
  Use: Scroll            |       |     6 ||     6
  Eat: Meat ration       |     1 |       ||     1
       Chunk             |       |     4 ||     4
